 Dungeon Crawl Stone Soup version 0.21.1-1-g345015f (webtiles) character file.

147 winedrinkercat the Digger (level 5, 0/28 HPs)
             Began as a Gargoyle Earth Elementalist on Apr 19, 2018.
             Killed from afar by an orc wizard (6 damage)
             ... with a puff of flame
             ... on level 3 of the Dungeon.
             The game lasted 00:17:37 (4103 turns).

winedrinkercat the Digger (GrEE)                    Turns: 4103, Time: 00:17:38

Health: 0/28       AC:  7    Str: 12    XL:     5   Next: 29%
Magic:  0/10       EV: 12    Int: 16    God:
Gold:   49         SH:  0    Dex: 10    Spells: 7/11 levels left

rFire    . . .     SeeInvis .   q - +0 falchion (flame)
rCold    . . .     Gourm    .   (no shield)
rNeg     + . .     Faith    .   c - +0 robe
rPois    ∞         Spirit   .   (no helmet)
rElec    +         Reflect  .   (no cloak)
rCorr    .         Harm     .   h - +0 pair of gloves
MR       .....                  (no boots)
Stlth    ++........             (no amulet)
HPRegen  0.09/turn              (no ring)
MPRegen  0.12/turn              (no ring)

@: very slightly contaminated
A: negative energy resistance 1, electricity resistance, unbreathing,
petrification resistance, rot immunity, AC +4
a: no special abilities


You were on level 3 of the Dungeon.
You were not hungry.

You visited 1 branch of the dungeon, and saw 3 of its levels.

You collected 49 gold pieces.

Inventory:

Hand Weapons
 d - a +0 short sword
 q - a +0 falchion of flaming (weapon)
Missiles
 t - 2 stones (quivered)
Armour
 c - a +0 robe (worn)
 h - a +0 pair of gloves (worn)
Scrolls
 a - 2 scrolls of identify {unknown}
 b - a scroll of amnesia {unknown}
 f - a scroll of remove curse {unknown}
 g - 2 scrolls of fog {unknown}
 l - a scroll of random uselessness {unknown}
 p - a scroll of enchant armour {unknown}
 s - a scroll of blinking {unknown}
Potions
 i - 3 potions of lignification {unknown}
 j - a potion of cancellation {unknown}
 k - a potion of curing {unknown}
 m - 2 potions of agility {unknown}
 n - a potion of flight {unknown}
 o - a potion of degeneration {unknown}
Books
 e - a book of Geomancy

   Spells                             Type                      Level
   a - Sandblast                      Earth                        1
   b - Passwall                       Transmutation/Earth          2
   c - Stone Arrow                    Conjuration/Earth            3
   d - Petrify                        Transmutation/Earth          4
   e - Lee's Rapid Deconstruction     Earth                        5
Comestibles
 r - 3 chunks of flesh


   Skills:
 - Level 1.5 Dodging
 - Level 2.1 Stealth
 * Level 3.8 Spellcasting
 * Level 2.2 Conjurations
   Level 0.7 Transmutations
 + Level 4.7 Earth Magic


You had 7 spell levels left.
You knew the following spells:

 Your Spells              Type           Power        Failure   Level  Hunger
a - Sandblast             Erth           ###...       2%          1    None
b - Stone Arrow           Conj/Erth      ##....       12%         3    ###....


Dungeon Overview and Level Annotations

Branches:
Dungeon (3/15)

Altars:
Gozag

Shops:
D:2 *


Innate Abilities, Weirdness & Mutations

You are resistant to torment.
Your stone body is resilient. (AC +4)
You are immune to poison.
You resist negative energy. (rN+)
You are resistant to electric shocks. (rElec)
You can survive without breathing.
You are immune to petrification.
You are immune to rotting.


Message History

You hit the orc wizard. You burn the orc wizard.
The orc wizard is severely wounded.
The orc wizard misses you.
Casting: Stone Arrow
Confirm with . or Enter, or press ? or * to list all spells.
Okay, then.
You barely miss the orc wizard.
The orc wizard is severely wounded.
The orc wizard hits you with an enchanted dagger.
* * * LOW HITPOINT WARNING * * *
Casting: Stone Arrow
Confirm with . or Enter, or press ? or * to list all spells.
Aiming: Stone Arrow
Press: ? - help, Shift-Dir - straight line, f - orc wizard
Aim: an orc wizard, wielding an enchanted dagger and wearing a robe (severely wounded)
The stone arrow hits the orc wizard.
The orc wizard is almost dead.
The orc wizard points at you and mumbles some strange words.
The puff of flame hits you!
You die...

##.#.########
#.###.#.......
##..#
.##.....÷....###
##.#
#<#####..#..###
#.# #.#
#.##.##.# #.#
#.# #. #.....#
#.# #.# #.
####..#
#.########.# ##
#.# #.......##.#
.# #######..@.#
#.###o# #÷# #.#
#.###.# ##...##
####### #..##
....P..
......o....o.g.
...≈≈≈≈
≈≈≈≈≈≈≈≈≈≈≈≈≈≈.
...≈≈≈≈
≈≈≈≈≈≈≈≈≈≈≈≈≈≈.


You could see an orc wizard.

Vanquished Creatures
  5 gnolls
  3 adders
  An ooze (D:1)
  2 dart slugs (D:1)
  A worm (D:3)
  3 leopard geckos (D:1)
  An orc (D:3)
  6 bats
  5 giant cockroaches
  7 goblins
  4 hobgoblins
  3 jackals (D:3)
  5 frilled lizards
  8 kobolds
  4 rats (D:1)
58 creatures vanquished.

Notes
Turn   | Place    | Note
-------+----------+-------------------------------------------
     0 | D:1      | winedrinkercat the Gargoyle Earth Elementalist began the quest for the Orb.
     0 | D:1      | Reached XP level 1. HP: 10/10 MP: 3/3
   132 | D:1      | Reached XP level 2. HP: 15/15 MP: 0/5
   288 | D:1      | Reached skill level 4 in Earth Magic
   642 | D:1      | Reached XP level 3. HP: 19/19 MP: 5/7
   925 | D:1      | Learned a level 3 spell: Stone Arrow
  1863 | D:2      | Reached XP level 4. HP: 20/24 MP: 1/8
  1988 | D:2      | Reached skill level 1 in Conjurations
  2939 | D:2      | Found an opulent altar of Gozag.
  2941 | D:2      | Found Gozag's Platinum Reserve.
  3715 | D:3      | Reached XP level 5. HP: 28/28 MP: 6/10
  4103 | D:3      | Killed from afar by an orc wizard

Skill      XL: |  1  2  3  4  5 |
---------------+----------------+-----
Earth Magic    | 4 |  4.7
Spellcasting   | 3 |  3.8
Conjurations   | 1 2 |  2.2
Dodging        | |  1.5
Stealth        | |  2.1
Transmutations | |  0.7

Action                   |  1- 3 |  4- 6 || total
-------------------------+-------+-------++-------
Melee: Whip              |     5 |       ||     5
       Unarmed           |     1 |       ||     1
       Dagger            |    14 |     7 ||    21
       Short sword       |       |     7 ||     7
       Falchion          |       |    19 ||    19
 Cast: Sandblast         |    35 |       ||    35
       Stone Arrow       |     6 |    32 ||    38
  Eat: Chunk             |     1 |     3 ||     4
       Ration            |     1 |     2 ||     3
Armor: Robe              |    10 |    50 ||    60
Dodge: Dodged            |    24 |    82 ||   106
